Map: Dusty Gorge

Players

Subwaymaker

  • Race: Protoss Protoss
  • League: Silver
  • Spawn Location: 3:00

Mesrob

  • Race: Terran Terran
  • Spawn Location: 5:00

kkz - Winner!

  • Race: Protoss Protoss
  • Spawn Location: 9:00

MaRiNe - Winner!

  • Race: Protoss Protoss
  • Spawn Location: 11:00

VOD

Have the link to the VOD?

Description

Time

  • Played on: Jan. 8, 2019, 11:52 a.m.
  • Length: 6:13
Show
View Real Time Build Order
Export as new Build Order

Subwaymaker Protoss 

Build Orders:  

Get SALT Encoding   

  1  0:00  Probe  
  12  0:07  Probe  
  14  0:29  Probe  
  14  0:33  Pylon  
  15  0:38  Assimilator  
  15  0:54  Probe  
  16  1:02  Probe, Gateway  
  16  1:11  Probe  
  18  1:23  Probe  
  19  1:35  Probe  
  19  1:38  Pylon  
  20  1:47  Probe  
  20  1:51  Cybernetics Core  
  21  1:55  Zealot  
  21  1:59  Probe  
  24  2:06  Assimilator  
  24  2:12  Gateway  
  24  2:13  Gateway  
  24  2:19  Probe  
  25  2:37  Twilight Council  
  25  2:39  Pylon  
  25  2:43  Pylon  
  25  2:44  Warp Gate  
  25  2:54  Probe  
  25  2:57  Zealot  
  28  3:03  Zealot  
  28  3:04  Zealot  
  32  3:06  Probe  
  32  3:11  Charge  
  33  3:19  Forge  
  33  3:38  Gateway  
  33  3:43  Protoss Ground Armor Level 1  
  33  4:29  Nexus  
  33  4:32  Pylon  
  33  4:34  Pylon  
  33  4:40  Gateway  
  33  4:41  Gateway  
  33  5:09  Probe  
  34  5:15  Zealot x3  
  34  5:21  Probe  
  27  5:33  Probe  
  27  5:34  Sentry  
  28  5:46  Probe  
  28  5:58  Zealot x3  
  28  5:59  Zealot  
Show
View Real Time Build Order
Export as new Build Order

Mesrob Terran 

Build Orders:  

Get SALT Encoding   

  12  0:00  SCV  
  13  0:12  SCV  
  14  0:19  Supply Depot  
  14  0:24  SCV  
  15  0:30  Refinery  
  15  0:40  SCV  
  16  0:46  Barracks  
  16  0:56  SCV  
  17  1:08  SCV  
  17  1:10  Refinery  
  18  1:20  SCV  
  19  1:35  Orbital Command  
  19  1:42  Factory  
  19  1:43  Barracks Tech Lab  
  19  1:52  Supply Depot  
  19  2:00  Barracks  
  19  2:05  SCV  
  20  2:21  SCV  
  21  2:35  Siege Tank  
  24  2:39  Barracks Reactor  
  24  2:45  Supply Depot  
  24  2:47  SCV  
  25  2:55  Engineering Bay  
  25  2:57  Marine  
  26  2:59  SCV  
  27  3:11  SCV  
  28  3:20  Siege Tank  
  28  3:22  Marine x2  
  28  3:24  Barracks Tech Lab  
  28  3:26  Terran Infantry Weapons Level 1  
  33  3:40  Marine  
  34  4:18  Command Center  
  34  4:30  Refinery  
  34  4:31  SCV  
  34  4:36  Marine x2  
  34  4:37  Combat Shield  
  37  4:43  SCV  
  38  4:56  Refinery  
  38  5:02  Marine  
  39  5:10  Marine, Marauder  
  39  5:11  Supply Depot  
  35  5:20  Marine  
  31  5:34  Siege Tank  
  31  5:51  SCV  
Show
View Real Time Build Order
Export as new Build Order

kkz Protoss - Winner!

Build Orders:  

Get SALT Encoding   

  1  0:00  Probe  
  13  0:13  Probe  
  13  0:21  Pylon  
  14  0:25  Probe  
  15  0:40  Gateway  
  15  0:50  Pylon  
  15  0:53  Probe  
  15  0:54  Assimilator  
  16  1:12  Gateway  
  16  1:18  Probe  
  17  1:24  Zealot  
  17  1:27  Assimilator  
  17  1:30  Probe  
  20  1:42  Probe  
  21  1:49  Cybernetics Core  
  21  1:53  Zealot  
  23  2:00  Probe  
  24  2:09  Zealot  
  24  2:12  Probe  
  27  2:23  Gateway  
  27  2:24  Probe  
  28  2:36  Stalker  
  30  2:42  Pylon  
  30  2:51  Twilight Council  
  30  2:57  Stalker  
  30  3:02  Pylon  
  32  3:15  Warp Gate  
  32  3:20  Stalker  
  34  3:29  Charge  
  34  4:11  Nexus  
  34  4:17  Stalker  
  36  4:35  Stalker x2  
  40  4:46  Pylon  
  38  5:31  Zealot x2  
Show
View Real Time Build Order
Export as new Build Order

MaRiNe Protoss - Winner!

Build Orders:  

Get SALT Encoding   

  12  0:02  Probe  
  13  0:14  Probe  
  14  0:32  Pylon  
  14  0:38  Probe  
  15  0:46  Probe  
  15  0:54  Gateway  
  15  0:57  Probe  
  17  1:09  Probe  
  18  1:21  Probe  
  19  1:52  Cybernetics Core  
  19  1:56  Assimilator  
  19  2:24  Probe  
  20  2:34  Assimilator  
  20  2:35  Warp Gate  
  20  2:36  Probe  
  21  2:46  Pylon  
  21  2:48  Probe  
  22  3:00  Gateway  
  22  3:02  Gateway  
  22  3:04  Gateway  
  22  3:06  Gateway  
  22  3:09  Pylon  
  22  3:14  Probe  
  23  3:26  Probe  
  24  3:39  Probe  
  25  3:51  Pylon  
  25  3:56  Pylon  
  25  4:28  Stalker  
  25  4:30  Stalker x4  
  35  4:33  Pylon  
  35  4:54  Stalker x3  
  35  4:55  Stalker x2  
  43  5:31  Stalker  
  43  5:32  Stalker  
  47  5:39  Pylon  
  47  5:56  Pylon  
  47  6:04  Pylon  
  47  6:06  Pylon  
  47  6:08  Pylon, Stalker x3  
  47  6:09  Stalker  
Tags
 
Add a new tag
Caveats
  • Supply blocks, unpowered buildings, or Contaminate may cause inaccurate times.
  • Supply counts are checked every 10 seconds.